 Dungeon Crawl Stone Soup version 0.18.1-1-g2f07953 (webtiles) character file.

104 aurelian the Grave Robber (level 4, -6/30 HPs)
             Began as a High Elf Necromancer on May 21, 2016.
             Killed from afar by an orc wizard (11 damage)
             ... with a puff of flame
             ... on level 2 of the Dungeon.
             The game lasted 00:06:08 (2410 turns).

aurelian the Grave Robber (High Elf Necromancer)    Turns: 2410, Time: 00:06:08

Health: -6/30      AC:  4    Str: 10    XL:     4   Next: 52%
Magic:  6/9        EV: 12    Int: 20    God:
Gold:   174        SH:  0    Dex: 15    Spells: 1 memorised, 8 levels left

rFire  . . .     SeeInvis .     g - +0 hunting sling
rCold  . . .     Gourm    .     a - +0 robe
rNeg   . . .     Faith    .     (no shield)
rPois  .         Spirit   .     (no helmet)
rElec  .         Dismiss  .     (no cloak)
rCorr  .         Reflect  .     m - +1 pair of gloves {Str+3}
SustAt .         Harm     .     (no boots)
MR     .....                    (no amulet)
Stlth  ++........               (no ring)
                                (no ring)

@: not resistant to hostile enchantments, unstealthy
A: no striking features
a: no special abilities


You were on level 2 of the Dungeon.
You were not hungry.

You visited 1 branch of the dungeon, and saw 3 of its levels.

You collected 174 gold pieces.

Inventory:

Hand Weapons
 d - a +0 dagger
 e - a +0 short sword
 g - a +0 hunting sling (weapon)
Missiles
 i - 78 stones (quivered)
 k - 45 sling bullets
Armour
 a - a +0 robe (worn)
 j - a +1 chain mail of poison resistance
 m - a +1 pair of gloves of strength (worn)
Jewellery
 h - an uncursed ring of positive energy {unknown}
Scrolls
 n - 2 scrolls of identify {unknown}
 o - a scroll of immolation {unknown}
 q - a scroll of blinking {unknown}
Potions
 l - a potion of flight {unknown}
 p - a potion of ambrosia {unknown}
 s - a potion of agility {unknown}
 u - a potion of brilliance {unknown}
Books
 b - a book of Necromancy

   Spells                             Type                      Level
   a - Pain                           Necromancy                   1
   b - Animate Skeleton               Necromancy                   1
   c - Vampiric Draining              Necromancy                   3
   d - Regeneration                   Charms/Necromancy            3
   e - Animate Dead                   Necromancy                   4
   f - Control Undead                 Necromancy                   4
Comestibles
 c - 2 bread rations
 f - 3 meat rations
 r - 3 chunks of flesh
 t - 3 fruits


   Skills:
 + Level 2.6 Fighting
 - Level 2.1 Dodging
 - Level 3.0 Stealth
 - Level 3.1 Spellcasting
 + Level 3.7 Necromancy


You had 8 spell levels left.
You knew the following spells:

 Your Spells              Type           Power        Failure   Level  Hunger
a - Pain                  Necr           ###.         2%          1    None


Dungeon Overview and Level Annotations

Branches:
Dungeon (3/15)

Altars:

Annotations:
D:3 Sigmund


Message History

Casting: Pain
Confirm with . or Enter, or press ? or * to list all spells.
Okay, then.
Unknown command.
Unknown command.
Casting: Pain
Confirm with . or Enter, or press ? or * to list all spells.
Aiming: Pain
Press: ? - help, Shift-Dir - straight line, f - you Nothing appears to happen.
Something hits you.
* * * LOW HITPOINT WARNING * * *
Casting: Pain
Confirm with . or Enter, or press ? or * to list all spells.
Aiming: Pain
Press: ? - help, Shift-Dir - straight line, f - you Nothing appears to happen.
You hear some strange, mumbled words.
A puff of flame appears from out of thin air!
The puff of flame hits you!
You die...

.###.###....################.....
.###...#....# #..................
...###......###.#############....
...# ###........†.........####...
...#####....####...######...#..##
......##......####.# ###.....#..
...##..#....#.####.####...#...#.#
...#........#.........#.#####....
...#.##.........@.........####...
.###.#####.>########....#......##
.###.#####...# #.......#####
.##[.....#.#.########.......#
.#...........#.........###..#####
...(....÷.............## #.......
...........#.#........# #.......
...........#..........####..#.#[#
....>......###..##.........##.#.#


There were no monsters in sight!

Vanquished Creatures
  An orc wizard (D:2)
  An ooze (D:2)
  A worm (D:2)
  2 dart slugs
  2 giant geckos
  4 orcs (D:3)
  A giant cockroach (D:1)
  9 hobgoblins
  6 kobolds
  A ball python (D:2)
  5 bats (D:2)
  2 giant newts
  8 goblins
  17 rats
60 creatures vanquished.

Notes
Turn   | Place    | Note
--------------------------------------------------------------
     0 | D:1      | aurelian the High Elf Necromancer began the quest for the Orb.
     0 | D:1      | Reached XP level 1. HP: 11/11 MP: 4/4
   411 | D:1      | Reached XP level 2. HP: 15/17 MP: 5/7
   665 | D:1      | Reached skill level 1 in Fighting
  1310 | D:2      | Reached XP level 3. HP: 21/23 MP: 4/8
  1883 | D:2      | Found a faded altar to an unknown god.
  2015 | D:2      | Reached XP level 4. HP: 15/30 MP: 3/9
  2234 | D:3      | Noticed Sigmund
  2410 | D:2      | Killed from afar by an orc wizard

Skill      XL: |  1  2  3 |
---------------+----------+-----
Spellcasting   | 3 |  3.1
Fighting       | 1 2 |  2.6
Stealth        | 3 |  3.0
Dodging        | |  2.1
Necromancy     | |  3.7

Action                   |  1- 3 |  4- 6 || total
-------------------------+-------+-------++-------
Melee: Short sword       |    11 |       ||    11
       Dagger            |     5 |       ||     5
 Fire: Hunting sling     |    15 |     5 ||    20
 Cast: Pain              |    83 |    21 ||   104
 Stab: Sleeping          |     3 |       ||     3
  Eat: Chunk             |     3 |     1 ||     4
Armor: Robe              |     3 |     1 ||     4
Dodge: Dodged            |     9 |     3 ||    12
